 Dungeon Crawl Stone Soup version 0.32-a0-656-g3542139ebd (webtiles) character file.

Game seed: 6520160845167852706

2210004 zewo the Ruinous (level 25, 213/213 HPs)
             Began as a White Draconian Summoner on Mar 8, 2024.
             Was the Champion of Vehumet.
             Escaped with the Orb
             ... and 4 runes
             ... and 1 gem (0 intact)!
             The game lasted 05:30:47 (79232 turns).

zewo the Ruinous (White Draconian Summoner)        Turns: 79232, Time: 05:30:48

Health: 213/213    AC: 24    Str:  6    XL:     25   Next: 52%
Magic:  45/45      EV: 27    Int: 30    God:    Vehumet [******]
Gold:   5196       SH:  8    Dex: 11    Spells: 20/60 levels left

rFire   + + .        a - +4 short sword of the Onslaught {pain, rF+ rC+ Will++}
rCold   + + +        Y - +2 buckler
rNeg    . . .        (body armour unavailable)
rPois   .            I - +2 hat
rElec   .            A - +2 cloak {rCorr}
rCorr   +            m - +2 pair of gloves {Stlth+}
SInv    .            T - +3 pair of mountain boots {steadfast, rC+}
Will    +++..        E - amulet of magic regeneration
Stlth   +            u - ring "Deirusoe" {Fly rF+ Int+3}
HPRegen 0.55/turn    e - ring of the Hare {EV+10}
MPRegen 0.69/turn

%: no passive effects
@: flying, studying 3 skills
A: glacial breath, AC +12, unfitting armour, cold resistance 1, cold-blooded,
stinger 1, clumsy 1, weak 2, no potion heal 1
0: Orb of Zot
}: 4/15 runes: barnacled, slimy, silver, gossamer
a: Glacial Breath, Renounce Religion


You escaped.
You worshipped Vehumet.
Vehumet was exalted by your worship.
You visited 11 branches of the dungeon, and saw 53 of its levels.
You visited 1 bazaar.
You also visited: Ossuary, Bailey, Ice Cave and Volcano.

You collected 8186 gold pieces.
You spent 2990 gold pieces at shops.

Inventory:

Hand Weapons
 a - the +4 short sword of the Onslaught (weapon) {pain, rF+ rC+ Will++}
   (You took it off an ironbound convoker on level 1 of the Vaults)

   rF+:       It protects you from fire.
   rC+:       It protects you from cold.
   Will++:    It greatly increases your willpower.
Missiles
 D - 17 curare-tipped darts
Armour
 k - a +0 kite shield of reflection
 l - a +2 cloak of willpower
 m - a +2 pair of gloves of stealth (worn)
 A - a +2 cloak of preservation (worn)
 I - a +2 hat (worn)
 T - the +3 pair of mountain boots (worn) {steadfast, rC+}
   (You acquired it on level 1 of the Shoals)

   Steadfast: It prevents involuntary movement, except for blinking,
   teleportation, or banishment.
   rC+:       It protects you from cold.
 Y - a +2 buckler (worn)
Magical Staves
 b - the staff of Subjectivity {rElec Will+ Hexes Air}
   (You found it on level 3 of the Elven Halls)

   [staff of air]

   Base accuracy: +5 Base damage: 5 Base attack delay: 1.2 This weapon's minimum
   attack delay (0.6) is reached at skill level 12.
   rElec:     It insulates you from electricity.
   Will+:     It increases your willpower.
   Hexes:     It increases the power of your Hexes spells.
   Air:       It increases the power of your Air spells.
   It falls into the 'Staves' category.
   It is a one-handed weapon.
 c - the staff of Dividends {rElec rPois Stlth- Necro Alchemy}
   (You found it on level 3 of the Elven Halls)

   [staff of alchemy]

   Base accuracy: +5 Base damage: 5 Base attack delay: 1.2 This weapon's minimum
   attack delay (0.6) is reached at skill level 12.
   rElec:     It insulates you from electricity.
   rPois:     It protects you from poison.
   Stlth-:    It makes you less stealthy.
   Necro:     It increases the power of your Necromancy spells.
   Alchemy:   It increases the power of your Alchemy spells.
   It falls into the 'Staves' category.
   It is a one-handed weapon.
 V - the staff of Imenn {rF+ Will+ Necro Fire Earth}
   (You found it on level 5 of the Pits of Slime)

   [staff of fire]

   Base accuracy: +5 Base damage: 5 Base attack delay: 1.2 This weapon's minimum
   attack delay (0.6) is reached at skill level 12.
   rF+:       It protects you from fire.
   Will+:     It increases your willpower.
   Necro:     It increases the power of your Necromancy spells.
   Fire:      It increases the power of your Fire spells.
   Earth:     It increases the power of your Earth spells.
   It falls into the 'Staves' category.
   It is a one-handed weapon.
Jewellery
 e - the ring of the Hare (right hand) {EV+10}
   (You found it on level 5 of the Pits of Slime)

   [ring of evasion]

   EV+10:     It affects your evasion (+10).
 n - the ring of Offimah {Dex+4 SInv}
   (You took it off a deep elf master archer on level 3 of the Elven Halls)

   [ring of see invisible]

   Dex+4:     It affects your dexterity (+4).
   SInv:      It lets you see invisible.
 u - the ring "Deirusoe" (left hand) {Fly rF+ Int+3}
   (You found it on level 14 of the Dungeon)

   [ring of flight]

   Int+3:     It affects your intelligence (+3).
   rF+:       It protects you from fire.
   Fly:       It grants you flight.
 v - the ring "Buyf" {Fly Will++ Dex+3}
   (You found it on level 5 of the Pits of Slime)

   [ring of flight]

   Dex+3:     It affects your dexterity (+3).
   Will++:    It greatly increases your willpower.
   Fly:       It grants you flight.
 y - the ring "Idas" {rPois rF+ Dex+3}
   (You took it off a boggart on level 15 of the Dungeon)

   [ring of poison resistance]

   Dex+3:     It affects your dexterity (+3).
   rF+:       It protects you from fire.
   rPois:     It protects you from poison.
 E - an amulet of magic regeneration (around neck)
 N - a ring of wizardry
 Q - a ring of resist corrosion
Wands
 p - a wand of charming (46)
 r - a wand of quicksilver (28) {@v1}
 C - a wand of mindburst (52)
 P - a wand of digging (6) {@v3}
 U - a wand of warping (29)
 Z - a wand of polymorph (14)
Scrolls
 d - 5 scrolls of blinking {@r4}
 j - 6 scrolls of fog {!r}
 o - 8 scrolls of enchant armour
 q - 12 scrolls of fear {!r}
 s - 21 scrolls of teleportation {@r3 !r}
 G - 3 scrolls of revelation
 O - 10 scrolls of poison
 R - 5 scrolls of butterflies
 W - 8 scrolls of immolation
 X - 5 scrolls of vulnerability
Potions
 f - 7 potions of enlightenment
 g - 15 potions of curing {@q1 !q}
 h - 13 potions of heal wounds {@q2 !q}
 i - 5 potions of invisibility
 t - 8 potions of mutation
 x - 10 potions of ambrosia
 z - 5 potions of brilliance
 H - 3 potions of magic
 K - 9 potions of haste {@q4 !q}
 L - 2 potions of cancellation
 M - 9 potions of lignification {@q6}
 S - 5 potions of resistance
Miscellaneous
 w - a lightning rod (4/4)
 B - a sack of spiders
 F - a phial of floods
 J - a phantom mirror


   Skills:
 - Level 15.0 Fighting
 - Level 15.0 Dodging
 - Level 3.0 Stealth
 - Level 10.0 Shields
 - Level 18.0 Spellcasting
 + Level 24.2 Conjurations
 - Level 13.0 Summonings
 - Level 5.0 Fire Magic
 - Level 22.2 Air Magic
 - Level 10.8 Earth Magic
 - Level 4.0 Alchemy
 - Level 6.0 Evocations


You had 20 spell levels left.
You knew the following spells:

 Your Spells              Type           Power      Damage    Failure   Level
a - Orb of Destruction    Conj           53%        9d13      1%          7
b - Spellforged Servitor  Conj/Summ      47%        N/A       1%          7
c - Chain Lightning       Conj/Air       52%        3d70      4%          9
d - Lehudib's Crystal Sp  Conj/Erth      46%        10d11     3%          8
e - Irradiate             Conj/Alch      42%        3d25      1%          5
f - Summon Lightning Spi  Summ/Air       93%        N/A       0%          4

Your spell library contained the following spells:

 Spells                   Type           Power      Damage    Failure   Level
 Fire Storm               Conj/Fire      43%        8d11      77%         9
 Foxfire                  Conj/Fire      100%       2x1d9     0%          1
 Magic Dart               Conj           100%       1d8       0%          1
 Summon Small Mammal      Summ           100%       N/A       0%          1
 Call Imp                 Summ           100%       N/A       0%          2
 Mercury Vapours          Alch/Air       100%       N/A       0%          2
 Mephitic Cloud           Conj/Alch/Air  91%        N/A       0%          3
 Brom's Barrelling Bould  Conj/Erth      93%        2d10      0%          4
 Iskenderun's Battlesphe  Conj           100%       2d15      0%          5
 Conjure Ball Lightning   Conj/Air       52%        3x3d18    0%          6
 Freeze                   Ice            100%       1d10      1%          1
 Cigotuvi's Dreadful Rot  Necr/Alch/Air  100%       N/A       1%          2
 Scorch                   Fire           100%       2d9       1%          2
 Call Canine Familiar     Summ           81%        N/A       1%          3
 Dazzling Flash           Conj/Hex       100%       N/A       1%          3
 Frozen Ramparts          Ice            54%        1d9       1%          3
 Hailstorm                Conj/Ice       79%        3d13      1%          3
 Inner Flame              Hex/Fire       42%        N/A       1%          3
 Summon Ice Beast         Ice/Summ       60%        N/A       1%          3
 Volatile Blastmotes      Fire/Tloc      84%        2d17      1%          3
 Flame Wave               Conj/Fire      86%        2d18      1%          4
 Fulminant Prism          Conj/Alch      42%        3d19      1%          4
 Iskenderun's Mystic Bla  Conj/Tloc      79%        2d16      1%          4
 Martyr's Knell           Necr/Summ      60%        N/A       1%          4
 Petrify                  Alch/Erth      64%        N/A       1%          4
 Sticky Flame             Fire/Alch      52%        2d9       1%          4
 Summon Blazeheart Golem  Fire/Summ      69%        N/A       1%          4
 Vhi's Electric Charge    Tloc/Air       100%       N/A       1%          4
 Fireball                 Conj/Fire      43%        3d17      1%          5
 Freezing Cloud           Conj/Ice/Air   44%        6-21      1%          5
 Silence                  Hex/Air        38%        N/A       1%          5
 Bombard                  Conj/Erth      46%        9d8       1%          6
 Plasma Beam              Fire/Air       41%        2x1d55    1%          6
 Starburst                Conj/Fire      43%        6d12      1%          6
 Summon Cactus Giant      Summ           40%        N/A       1%          6
 Slow                     Hex            100%       N/A       2%          1
 Lesser Beckoning         Tloc           54%        N/A       3%          2
 Sublimation of Blood     Necr           27%        N/A       3%          2
 Summon Forest            Summ/Tloc      30%        N/A       4%          5
 Summon Mana Viper        Hex/Summ       60%        N/A       4%          5
 Confusing Touch          Hex            27%        N/A       6%          3
 Fugue of the Fallen      Necr           27%        N/A       6%          3
 Gell's Gravitas          Tloc           27%        N/A       6%          3
 Ozocubu's Armour         Ice            27%        N/A       6%          3
 Sigil of Binding         Hex            27%        N/A       6%          3
 Teleport Other           Tloc           27%        N/A       6%          3
 Vampiric Draining        Necr           27%        2d7       6%          3
 Summon Hydra             Summ           40%        N/A       9%          7
 Eringya's Noxious Bog    Alch           25%        4d6       17%         6
 Animate Dead             Necr           27%        N/A       22%         4
 Cause Fear               Hex            13%        N/A       22%         4
 Dimensional Bullseye     Hex/Tloc       13%        N/A       22%         4
 Dispel Undead            Necr           27%        3d13      22%         4
 Manifold Assault         Tloc           27%        N/A       22%         4
 Curse of Agony           Necr           27%        N/A       52%         5
 Metabolic Englaciation   Hex/Ice        13%        N/A       52%         5
 Summon Horrible Things   Summ           40%        N/A       56%         8
 Haunt                    Necr/Summ      30%        N/A       77%         7
 Malign Gateway           Summ/Tloc      30%        N/A       77%         7
 Sculpt Simulacrum        Ice/Alch       19%        N/A       82%         6
 Death Channel            Necr           13%        N/A       97%         6
 Dispersal                Tloc           13%        N/A       97%         6
 Ignition                 Fire           27%        3d9       98%         8
 Infestation              Necr           13%        N/A       100%        8
 Dragon's Call            Summ           40%        N/A       100%        9


Dungeon Overview and Level Annotations

Branches:
Dungeon (15/15)            Temple (1/1) D:5            Lair (5/5) D:11
 Shoals (4/4) Lair:2       Spider (4/4) Lair:2        Slime (5/5) Lair:4
    Orc (2/2) D:12            Elf (3/3) Orc:2        Vaults (5/5) D:14
  Crypt (0/3) Vaults:2     Depths (4/4) D:15            Zot (5/5) Depths:4
Ossuary (visited)          Bailey (visited)           IceCv (visited)
Volcano (visited)

Altars:
Ashenzari
Cheibriados
Dithmenos
Elyvilon
Fedhas
Gozag
Hepliaklqana
Kikubaaqudgha
Makhleb
Nemelex Xobeh
Okawaru
Qazlal
Ru
Sif Muna
Trog
Uskayaw
Vehumet
Wu Jian
Xom
Yredelemnul
Zin
The Shining One
Beogh
Jiyva
Lugonu

Shops:
D:2 *   D:11 !((=   Orc:2 :(*[=   Elf:1 ?   Elf:2 (   Shoals:1 *   Shoals:3 **
Shoals:4 *   Vaults:1 ([((   Vaults:4 *   Depths:2 *

Portals:
Hell: Depths:1 Depths:2 Depths:3 Depths:4
Abyss: Lair:5 Depths:1 Depths:3 Depths:4
Pandemonium: Depths:1 Depths:2
Ziggurat: Depths:2
Trove: D:10 (give 8 potions of haste)

Annotations:
Depths:2 4 transporters
Zot:5 2 exclusions


Innate Abilities, Weirdness & Mutations

You can breathe waves of cold which freeze foes solid.
Your icy white scales are hard. (AC +12)
You cannot fit into any form of body armour.
Your flesh is cold resistant. (rC+)
You are cold-blooded and may be slowed by cold attacks.
Your tail ends in a venomous barb.
You are clumsy. (Dex -2)
You are very weak. (Str -4)
Potions are less effective at restoring your health.


Message History

You hear an angry squeal.
You fly upwards.
There is a stone staircase leading down here.
What level of the Dungeon? (default 1, ? - help)
You see here a bullfrog skeleton.
There is a stone staircase leading up here.
You fly upwards.
There is a stone staircase leading down here.
There is a stone staircase leading up here.
You fly upwards.
There is a stone staircase leading down here.
There is a stone staircase leading up here.
You fly upwards.
There is a stone staircase leading down here.
There is a stone staircase leading up here.
You fly upwards.
There is a stone staircase leading down here.
There is an open door here.
There is a stone staircase leading up here.
You fly upwards.
There is a stone staircase leading down here.
There is a stone staircase leading up here.
You fly upwards.
There is a stone staircase leading down here.
There is a stone staircase leading up here.
You fly upwards.
There is a stone staircase leading down here.
You see here a bat skeleton.
Aiming: Dig
Press: ? - help, Shift-Dir - straight line A rock wall.
This square is covered in magical glow.
The rock shatters into small pieces.
Aiming: Dig
Press: ? - help, Shift-Dir - straight line A rock wall.
This square is covered in magical glow.
The rock shatters into small pieces.
There is a staircase leading out of the dungeon here.
You have escaped!

.....# #.##.# #.# ##.#. ....##
#.##.##### #.# ###..#. ....##
#.##.....# #.# #...... #....##
#.##>###.#####.# #.#.##.
#.....###..#........^#.# #.#.##.
.............≈≈≈≈≈≈≈...# #.#.##(
#####.####..≈≈.♣...≈≈..####.#.##.
#.# #..≈≈.......≈≈...##.#.##. #.#
#.≈≈....@.ß..≈≈..##.#.##. #.#
#.≈..ß.....♣..≈..##.#.##. #.#
#.≈.....♣.....≈.......##.
#.###.≈≈.........≈≈.....####.
##..##..≈≈....ß..≈≈..##### #.
####........≈≈.....≈≈..## #.
...#.#.###...≈≈≈.≈≈≈..## #.
.................[....# ##.
######....##....÷.....#########..


There were no monsters in sight!

Vanquished Creatures
  the Royal Jelly (Slime:5)
  5 dread liches
  2 orbs of fire (Zot:5)
  Mara (Depths:3)
  5 Killer Klowns
  2 curse toes (Zot:5)
  A golden dragon (Vaults:5)
  2 doom hounds (Depths:2)
  A Brimstone Fiend (Zot:2)
  3 electric golems
  Zenata (Elf:2)
  7 tentacled monstrosities
  An Ice Fiend (IceCv)
  12 Orb Guardians (Zot:5)
  Asterion (Spider:3)
  3 deep elf master archers (Elf:3)
  Grunn (Depths:2)
  A deep elf blademaster (Elf:3)
  A kraken (Shoals:3)
  15 acid blobs
  2 sphinxes
  2 Executioners
  9 death cobs
  7 shadow dragons
  10 storm dragons
  5 tengu reavers
  Kirke (D:15)
  Donald (Spider:2)
  6 azure jellies (Slime:5)
  The ghost of occam the Fencer, an adept CoBe of Trog (Shoals:2)
  2 protean progenitors (Zot:4)
  4 fire giants
  6 rockslimes (Slime:5)
  3 draconian monks
  A frost giant (Depths:3)
  A draconian scorcher (Zot:1)
  A draconian shifter (Depths:4)
  2 emperor scorpions (Spider:4)
  8 vault wardens
  3 deep elf sorcerers
  2 balrugs (Depths:3)
  An iron dragon (Depths:4)
  4 spectral caustic shrikes (Depths:2)
  14 quicksilver oozes
  2 deep elf elementalists (Elf:3)
  4 ghost moths
  An orc warlord (Vaults:4)
  4 draconian annihilators
  3 draconian stormcallers (Zot:1)
  The ghost of Duttonia the Stormcaller, a journeyman MeWn of Gozag (Shoals:3)
  6 stone giants
  8 very ugly things
  A broodmother (Spider:2)
  2 formless jellyfish
  2 ironbound thunderhulks
  A deep elf annihilator (Vaults:5)
  9 ironbound preservers
  4 black draconians
  3 deep elf death magi
  3 white draconians
  8 deep elf demonologists
  3 green draconians
  7 yellow draconians
  A dire elephant (Vaults:1)
  3 red draconians (Zot:1)
  A war gargoyle (Vaults:5)
  4 purple draconians
  Snorg (Lair:3)
  A green death (Depths:3)
  5 merfolk javelineers
  5 merfolk impalers
  3 fire dragons
  7 entropy weavers
  A blizzard demon (D:14)
  15 yaktaur captains
  5 great orbs of eyes
  A crystal guardian (Vaults:4)
  2 ettins
  2 rakshasas
  A salamander tyrant (Depths:2)
  3 deep elf high priests
  A caustic shrike simulacrum (IceCv)
  A spriggan air mage (Depths:4)
  A peacekeeper (Vaults:1)
  6 ice dragons
  15 vault guards
  An ogre mage (Orc:2)
  6 hydras
  4 merfolk avatars
  4 ironbound frosthearts
  3 radroaches
  4 boulder beetles
  2 alligator snapping turtles
  29 dancing weapons
  15 centaur warriors
  2 two-headed ogres (Vaults:5)
  2 tengu warriors (Depths:1)
  A death yak (Lair:2)
  A merfolk aquamancer (Shoals:4)
  3 deep troll shamans
  The ghost of ForkInBrain the Skirmisher, a novice CoHu of Okawaru (D:8)
  3 thrashing horrors (Lair:5)
  6 demonic crawlers
  An orc high priest (Orc:2)
  4 occultists
  2 spriggan berserkers
  7 deep elf knights
  5 deep troll earth magi
  7 hell knights (Depths:3)
  A sun demon (Depths:1)
  6 skysharks
  A skeletal warrior (D:14)
  A pharaoh ant (Spider:1)
  5 iron trolls
  3 spriggan simulacra
  A shadow demon (Depths:2)
  38 deep trolls
  6 sea snakes
  2 orb spiders
  6 steelbarb worms
  2 glowing orange brains
  5 arcanists
  12 ironbound convokers
  An orange crystal statue (IceCv)
  8 deep elf archers
  A swamp dragon (shapeshifter) (Depths:3)
  2 phantasmal warriors (Vaults:5)
  An obsidian statue (IceCv)
  13 deep elf pyromancers
  A thermic dynamo (Elf:3)
  5 orc knights
  18 harpies
  A lightning spire (Zot:3)
  3 orc sorcerers
  17 deep elf zephyrmancers
  12 manticores
  5 cyclopes
  8 wolf spiders
  18 ugly things
  3 shining eyes
  21 moths of wrath
  4 oklob plants
  5 meliai
  5 fauns
  17 elephants
  4 merfolk sirens
  7 water nymphs
  13 vault sentinels
  2 torpor snails
  2 black mambas
  3 smoke demons
  7 cane toads
  4 rime drakes
  2 freezing wraiths (IceCv)
  A hellion (Zot:5)
  A torpor snail (shapeshifter) (Vaults:5)
  12 yaktaurs
  A tormentor (Depths:1)
  4 komodo dragons
  2 ice devils (IceCv)
  A tengu conjurer (D:15)
  An anaconda simulacrum (Lair:2)
  3 hornets (Depths:4)
  2 harpy zombies (Shoals:3)
  11 merfolk
  4 trolls
  A wolf spider simulacrum (Lair:2)
  A merfolk (shapeshifter) (Vaults:5)
  6 tarantellas
  3 wind drakes (Shoals:4)
  2 glass eyes
  2 raiju (Lair:5)
  2 raiju (shapeshifter)
  7 blink frogs
  13 dream sheep
  4 snapping turtles
  5 culicivoras
  9 jumping spiders
  73 slime creatures
  A water elemental (Shoals:4)
  4 spriggans
  A dire elephant simulacrum (Shoals:4)
  A shadow (D:11)
  5 wyverns
  A spriggan (shapeshifter) (D:15)
  An air elemental (Elf:1)
  A hog (shapeshifter) (D:14)
  3 nameless horrors
  29 yaks
  3 steam dragons
  A wraith (D:11)
  2 fire elementals
  A hog (D:15)
  5 basilisks
  24 redbacks
  3 golden eyes
  2 minotaur simulacra (IceCv)
  2 vampire mosquitoes (D:12)
  2 chaos spawn (Lair:5)
  3 hell hounds
  6 small abominations (Lair:5)
  A human zombie (Depths:2)
  A hydra simulacrum (Lair:2)
  5 water moccasins
  A sky beast (shapeshifter) (D:13)
  16 orc warriors
  A black bear (D:5)
  A laughing skull (Vaults:2)
  7 ogres
  7 wolves (Lair:5)
  14 boggarts
  A manticore zombie (Shoals:3)
  5 centaurs
  2 kobold brigands
  2 bullfrogs
  A brain worm (shapeshifter) (Lair:5)
  A gnoll sergeant (D:9)
  3 scorpions
  2 deep troll simulacra (Shoals:4)
  2 earth elementals (Elf:3)
  An oklob sapling (D:13)
  2 killer bees (D:7)
  A howler monkey (D:8)
  2 electric eels (Elf:3)
  A lava snake (Volcano)
  4 orc priests
  A hound (D:5)
  2 jellies
  Crazy Yiuf (D:7)
  An iguana (D:3)
  2 hell rats (Lair:1)
  5 orc wizards
  A polar bear simulacrum (Lair:2)
  A bullfrog simulacrum (Lair:2)
  2 mummies (Ossuary)
  2 adders (D:12)
  4 gnolls
  A shadow imp (D:6)
  A white imp (D:7)
  2 dart slugs
  A ribbon worm (D:3)
  18 orcs
  4 ball pythons
  3 endoplasms
  5 goblins
  3 hobgoblins
  2 jackals (D:3)
  12 kobolds
  A quokka (D:3)
  5 bats
  A frilled lizard (D:1)
  2 goblin zombies (D:4)
  A kobold zombie (Ossuary)
  A rat (D:3)
  An aspiring flesh (Zot:4)
  A tentacle (Shoals:3)
1177 creatures vanquished.

Vanquished Creatures (collateral kills)
  Boris (Depths:1)
  A bone dragon (Depths:4)
  2 golden dragons (Vaults:5)
  A Brimstone Fiend (Depths:3)
  A tentacled monstrosity (Zot:1)
  A hellephant (Depths:2)
  Jorgrun (Spider:3)
  10 Orb Guardians (Zot:5)
  2 titans (Vaults:5)
  3 sphinxes
  2 deep elf blademasters
  A lich (Depths:2)
  4 acid blobs
  A kraken (Shoals:1)
  A deep elf master archer (Elf:3)
  A shadow dragon (Vaults:5)
  Frances (D:14)
  6 storm dragons
  Gastronok (Lair:2)
  Aizul (Spider:2)
  A tengu reaver (Vaults:5)
  A draconian knight (Depths:4)
  A rockslime (Slime:5)
  4 fire giants
  6 frost giants
  A deep elf elementalist (Elf:3)
  3 emperor scorpions
  Louise (Shoals:4)
  A balrug (Depths:1)
  A draconian scorcher (Zot:4)
  7 vault wardens
  An orc warlord (Orc:2)
  A spectral caustic shrike (Depths:2)
  A cacodemon (Depths:3)
  A reaper (Depths:2)
  4 ironbound thunderhulks
  2 quicksilver oozes (Slime:5)
  2 very ugly things
  11 ironbound preservers
  5 stone giants
  A deep elf demonologist (Depths:3)
  2 deep elf death magi
  3 formless jellyfish
  2 deep elf annihilators (Elf:3)
  A black draconian (Depths:4)
  A spark wasp (Spider:2)
  4 dire elephants (Vaults:2)
  A yellow draconian (Depths:4)
  2 war gargoyles (Vaults:5)
  Azrael (D:14)
  An ettin (D:15)
  A blizzard demon (Depths:2)
  A fire dragon (Depths:2)
  2 crystal guardians (Vaults:1)
  5 merfolk impalers
  6 entropy weavers
  A jiangshi (Vaults:2)
  4 merfolk javelineers (Shoals:4)
  3 great orbs of eyes
  5 yaktaur captains
  2 rakshasas
  A salamander tyrant (Depths:2)
  An ogre mage (Vaults:5)
  A jorogumo (Spider:3)
  22 vault guards
  A peacekeeper (Vaults:4)
  3 hydras
  A radroach (Spider:3)
  7 ironbound frosthearts
  3 merfolk aquamancers (Shoals:4)
  An ice dragon (Depths:1)
  A two-headed ogre (Orc:2)
  An alligator snapping turtle (Shoals:3)
  13 boulder beetles
  9 centaur warriors
  A sphinx skeleton (Depths:2)
  An alligator (shapeshifter) (Vaults:1)
  A death knight (Vaults:2)
  A deep troll shaman (Depths:1)
  A deep troll earth mage (D:15)
  A satyr (Shoals:3)
  5 dancing weapons
  3 death yaks (Lair:2)
  An entropy weaver (shapeshifter) (Vaults:5)
  2 tengu warriors (D:15)
  4 demonic crawlers
  A fire crab (shapeshifter) (Elf:1)
  3 hell knights (Depths:3)
  2 deep elf knights (Elf:2)
  A golden dragon zombie (Depths:2)
  3 skysharks
  6 sea snakes
  5 pharaoh ants
  6 skeletal warriors
  5 iron trolls
  33 deep trolls
  A sixfirhy (Depths:2)
  A glowing orange brain (Vaults:3)
  A bog body (IceCv)
  4 orb spiders
  An arcanist (Vaults:3)
  3 spriggan simulacra
  4 deep elf archers
  3 lindwurms
  An obsidian statue (Shoals:3)
  4 thermic dynamos
  9 ironbound convokers
  2 steelbarb worms (Spider:4)
  A large abomination (Lair:5)
  11 harpies
  2 phantasmal warriors
  11 deep elf pyromancers
  A necromancer (Depths:2)
  6 orc knights
  7 deep elf zephyrmancers
  8 wolf spiders
  3 orc sorcerers
  11 fauns
  14 ugly things
  10 manticores
  6 elephants
  4 cyclopes
  3 meliai
  2 eyes of devastation (Slime:5)
  2 black mambas
  A black mamba (shapeshifter) (D:15)
  9 vault sentinels
  A water nymph (Shoals:4)
  6 merfolk sirens
  A rust devil (Depths:2)
  45 slime creatures
  5 torpor snails
  3 cane toads
  A molten gargoyle (Volcano)
  A rime drake (Lair:2)
  A kobold demonologist (D:12)
  12 yaktaurs
  2 efreet
  6 freezing wraiths
  An ice devil (IceCv)
  A komodo dragon (Lair:2)
  18 merfolk
  3 anaconda simulacra
  A tengu conjurer (D:15)
  2 polar bears
  6 trolls
  2 wind drakes (Shoals:4)
  10 tarantellas
  A harpy zombie (Shoals:3)
  An alligator simulacrum (Shoals:4)
  3 hornets
  14 dream sheep
  10 snapping turtles
  4 glass eyes
  A raiju (Lair:5)
  17 blink frogs
  An air elemental (Elf:1)
  21 jumping spiders
  9 culicivoras
  7 water elementals
  A spriggan (shapeshifter) (D:13)
  2 wraiths (D:12)
  A dire elephant simulacrum (IceCv)
  14 yaks
  32 redbacks
  3 minotaur simulacra (IceCv)
  3 wyverns
  8 basilisks
  4 fire elementals
  2 hogs (D:15)
  8 fire bats
  A steam dragon (D:6)
  4 wargs
  A chaos spawn (Lair:5)
  A swamp worm (shapeshifter) (D:14)
  3 vampire mosquitoes (D:12)
  4 small abominations (Lair:5)
  3 acid dragons
  A hell hound (D:14)
  6 water moccasins
  A hydra simulacrum (IceCv)
  15 orc warriors
  An ice beast (D:5)
  12 ogres
  2 black bears
  2 laughing skulls (D:15)
  4 manticore zombies (Shoals:3)
  A centaur (D:9)
  6 wolves
  5 boggarts
  A phantom (D:6)
  6 kobold brigands (D:8)
  A skyshark simulacrum (Lair:2)
  6 bullfrogs
  A deep troll simulacrum (IceCv)
  A gnoll sergeant (D:12)
  3 earth elementals
  A scorpion (D:7)
  2 lindwurm simulacra (IceCv)
  2 killer bees (D:7)
  An electric eel (Lair:3)
  4 howler monkeys
  5 lava snakes
  A bombardier beetle (D:3)
  3 hounds
  21 orc priests
  2 jellies
  2 sleepcaps
  Jessica (D:2)
  2 iguanas
  17 orc wizards
  5 hell rats
  7 mummies
  11 gnolls
  10 adders
  2 white imps
  2 ufetubi (D:5)
  49 orcs
  2 endoplasms
  3 giant cockroaches (D:4)
  5 goblins
  2 hobgoblins
  4 jackals
  9 ball pythons
  A frilled lizard (D:1)
  A hobgoblin zombie (Ossuary)
  10 kobolds
  4 kobold zombies (Ossuary)
  2 orc zombies (Ossuary)
  3 rats
1026 creatures vanquished.

Vanquished Creatures (others)
  Roxanne (Spider:2)
  An ironbound preserver (Vaults:3)
  A deep elf demonologist (Elf:3)
  An entropy weaver (Spider:2)
  A yaktaur captain (Vaults:2)
  A centaur warrior (Vaults:3)
  2 deep elf knights (Elf:2)
  A sun moth (Spider:4)
  A deep elf pyromancer (Elf:1)
  A cyclops (Shoals:4)
  A manticore (Shoals:2)
  A water nymph (Shoals:4)
  A molten gargoyle (Volcano)
  A vault sentinel (Vaults:1)
  A tarantella (Spider:4)
  2 ogres (Orc:1)
  An orc wizard (Orc:2)
  An orc (Orc:1)
  112 blazeheart cores
  11 tentacles
143 creatures vanquished.

Grand Total: 2346 creatures vanquished

Notes
Turn   | Place    | Note
-------+----------+-------------------------------------------
     0 | D:1      | zewo the Draconian Summoner began the quest for the Orb.
     0 | D:1      | Reached XP level 1. HP: 14/14 MP: 3/3
   307 | D:1      | Reached XP level 2. HP: 20/20 MP: 0/5
   892 | D:2      | Reached XP level 3. HP: 26/26 MP: 0/6
   899 | D:2      | Learned a level 3 spell: Call Canine Familiar
  1005 | D:2      | Noticed Jessica
  1015 | D:2      | Killed Jessica
  1019 | D:2      | Found Zaheor's General Store.
  1031 | D:2      | Bought a potion of curing for 39 gold pieces
  1031 | D:2      | Found a faded altar of an unknown god.
  1057 | D:2      | Reached XP level 4. HP: 25/33 MP: 3/8
  1256 | D:2      | Got the Book of Assistive Freezing
  1947 | D:3      | Reached XP level 5. HP: 38/38 MP: 5/9
  1981 | D:3      | Reached skill level 5 in Summonings
  2066 | D:3      | Noticed an ogre
  2081 | D:3      | Killed an ogre
  2131 | D:3      | Reached XP level 6. HP: 45/45 MP: 7/11
  2472 | D:4      | Found a hazy altar of Hepliaklqana.
  2514 | D:4      | Found a sand-covered staircase.
  2524 | Ossuary  | Entered an ossuary
  3906 | D:4      | Learned a level 4 spell: Summon Blazeheart Golem
  3955 | D:4      | Found a burning altar of Makhleb.
  4100 | D:5      | Entered Level 5 of the Dungeon
  4169 | D:5      | Found a stormy altar of Qazlal.
  4262 | D:5      | Found a broken altar of Ashenzari.
  4314 | D:5      | Found a staircase to the Ecumenical Temple.
  4318 | Temple   | Entered the Ecumenical Temple
  4327 | Temple   | Became a worshipper of Vehumet
  4448 | D:5      | Reached skill level 1 in Fire Magic
  4448 | D:5      | Your scales start taking on an icy white colour.
  4448 | D:5      | Reached XP level 7. HP: 50/50 MP: 8/14
  4448 | D:5      | Gained mutation: Your flesh is cold resistant. (rC+) [White
                  | Draconian growth]
  4544 | D:5      | Reached skill level 1 in Fire Magic
  4707 | D:5      | Reached skill level 5 in Spellcasting
  5067 | D:5      | Found a shimmering blue altar of Sif Muna.
  5142 | D:5      | Found a sparkling altar of Nemelex Xobeh.
  5231 | D:5      | Noticed a nameless horror
  5249 | D:5      | Reached XP level 8. HP: 43/57 MP: 4/16
  5259 | D:5      | Killed a nameless horror
  6184 | D:6      | Found a shimmering altar of Xom.
  6341 | D:6      | Found a bloodstained altar of Trog.
  6507 | D:7      | Reached * piety under Vehumet
  6507 | D:7      | Offered knowledge of Sting by Vehumet.
  6749 | D:7      | Reached XP level 9. HP: 62/62 MP: 14/19
  6918 | D:7      | Found a runed translucent door.
  6919 | D:7      | Noticed Crazy Yiuf
  7049 | D:7      | Killed Crazy Yiuf
  7295 | D:8      | Found a flagged portal.
  7462 | Bailey   | Entered a bailey
  7774 | Bailey   | Reached skill level 5 in Fire Magic
  7852 | Bailey   | Learned a level 4 spell: Summon Lightning Spire
  7882 | Bailey   | Reached skill level 1 in Air Magic
  7882 | Bailey   | Reached skill level 1 in Evocations
  7996 | Bailey   | Reached ** piety under Vehumet
  8075 | Bailey   | Offered knowledge of Static Discharge by Vehumet.
  8721 | D:8      | Offered knowledge of Searing Ray by Vehumet.
  8885 | D:8      | Found a runed translucent gate.
  8886 | D:8      | Found a runed translucent gate.
  8886 | D:8      | Found a runed translucent gate.
  8886 | D:8      | Noticed ForkInBrain's ghost (novice CoHu)
  9472 | D:9      | Reached XP level 10. HP: 69/69 MP: 22/22
  9631 | D:9      | Reached *** piety under Vehumet
 10218 | D:9      | Found a broken altar of Ashenzari.
 10589 | D:10     | Entered Level 10 of the Dungeon
 10595 | D:10     | Reached skill level 10 in Summonings
 11167 | D:10     | Reached skill level 1 in Fighting
 11167 | D:10     | Offered knowledge of Airstrike by Vehumet.
 11381 | D:10     | Reached skill level 5 in Air Magic
 11564 | D:10     | Found a portal to a secret trove of treasure.
 11610 | D:11     | Found Biub's Distillery.
 11616 | D:11     | Bought a potion of cancellation for 80 gold pieces
 11616 | D:11     | Bought a potion of heal wounds for 50 gold pieces
 11616 | D:11     | Bought a potion of magic for 80 gold pieces
 11616 | D:11     | Bought a potion of heal wounds for 50 gold pieces
 11911 | D:2      | Bought a potion of lignification for 39 gold pieces
 12066 | D:11     | Found Ysyrasu's Weapon Shoppe.
 12088 | D:11     | Reached XP level 11. HP: 81/81 MP: 24/24
 12089 | D:11     | Found an ornate altar of the Wu Jian Council.
 12105 | D:11     | Found Catsiumop's Weapon Shoppe.
 12244 | D:11     | Found Jyoclafo's Jewellery Shoppe.
 12311 | D:11     | Found a staircase to the Lair.
 12377 | D:11     | Reached skill level 5 in Evocations
 12784 | Lair:1   | Entered Level 1 of the Lair of Beasts
 12918 | Lair:1   | Found a dark tunnel.
 12929 | Volcano  | Entered a volcano
 13178 | Volcano  | Found a radiant altar of Vehumet.
 13188 | Volcano  | Noticed a stone giant
 13339 | Volcano  | Reached **** piety under Vehumet
 13516 | Volcano  | Killed a stone giant
 13517 | Volcano  | Reached skill level 5 in Fighting
 13517 | Volcano  | Reached skill level 5 in Dodging
 13839 | Lair:1   | Offered knowledge of Arcjolt by Vehumet.
 13900 | Lair:1   | Reached skill level 10 in Spellcasting
 14542 | Lair:2   | Noticed a death yak
 14568 | Lair:1   | HP: 4/82 [hell rat (6)]
 15055 | Lair:2   | Reached XP level 12. HP: 58/94 MP: 24/26
 15322 | Lair:2   | Noticed a death yak
 15324 | Lair:2   | Noticed a death yak
 15325 | Lair:2   | Reached skill level 1 in Conjurations
 15481 | Lair:2   | Reached skill level 2 in Conjurations
 15745 | Lair:2   | Found a transporter.
 16059 | Lair:2   | Found a staircase to the Shoals.
 16071 | Lair:2   | Reached skill level 3 in Conjurations
 16143 | Lair:2   | Noticed Gastronok
 16147 | Lair:2   | Reached ***** piety under Vehumet
 16280 | Lair:2   | Killed Gastronok
 16281 | Lair:2   | Reached skill level 4 in Conjurations
 16452 | Lair:2   | Noticed a death yak
 16460 | Lair:2   | Killed a death yak
 16460 | Lair:2   | Offered knowledge of Bombard by Vehumet.
 16463 | Lair:2   | Killed a death yak
 16470 | Lair:2   | Killed a death yak
 16471 | Lair:2   | Reached skill level 5 in Conjurations
 16471 | Lair:2   | Killed a death yak
 16507 | Lair:2   | Found a transporter.
 16588 | Lair:2   | Found a hole to the Spider Nest.
 17067 | Lair:3   | Reached XP level 13. HP: 113/113 MP: 21/28
 17073 | Lair:3   | Reached skill level 10 in Fighting
 17073 | Lair:3   | Reached skill level 6 in Conjurations
 17373 | Lair:3   | Reached skill level 7 in Conjurations
 17411 | Lair:3   | Reached skill level 8 in Conjurations
 17505 | Lair:3   | Noticed Snorg
 17515 | Lair:3   | Killed Snorg
 17700 | Lair:3   | Reached skill level 9 in Conjurations
 18429 | Lair:4   | Found a viscous altar of Jiyva.
 18429 | Lair:4   | Found a staircase to the Slime Pits.
 18492 | Lair:4   | Reached skill level 10 in Conjurations
 18510 | Lair:4   | Found a snail-covered altar of Cheibriados.
 18615 | Lair:4   | Offered knowledge of Fulminant Prism by Vehumet.
 18772 | Lair:4   | Found a blossoming altar of Fedhas.
 19068 | Lair:4   | Reached skill level 11 in Conjurations
 19657 | Lair:5   | Entered Level 5 of the Lair of Beasts
 19685 | Lair:5   | Reached skill level 12 in Conjurations
 19991 | Lair:5   | Reached XP level 14. HP: 121/121 MP: 23/29
 20207 | Lair:5   | Reached skill level 13 in Conjurations
 20604 | Lair:5   | Offered knowledge of Eringya's Noxious Bog by Vehumet.
 21767 | Lair:5   | Reached skill level 14 in Conjurations
 21925 | Lair:5   | Learned a level 7 spell: Orb of Destruction
 22334 | Lair:5   | Found a corrupted altar of Lugonu.
 22334 | Lair:5   | Found a one-way gate to the infinite horrors of the Abyss.
 22486 | Lair:5   | Learned a level 7 spell: Spellforged Servitor
 22766 | D:12     | Reached skill level 15 in Conjurations
 23167 | D:12     | Found a staircase to the Orcish Mines.
 23179 | D:12     | Found a roughly hewn altar of Beogh.
 24979 | D:13     | Offered knowledge of Yara's Violent Unravelling by Vehumet.
 25096 | D:13     | Learned a level 5 spell: Irradiate
 25475 | D:14     | Noticed a cyan very ugly thing
 25491 | D:14     | Reached skill level 1 in Alchemy
 25491 | D:14     | Reached XP level 15. HP: 75/126 MP: 11/30
 25647 | D:14     | Noticed Azrael
 25648 | D:14     | Noticed Frances
 26188 | D:14     | Killed Frances
 26265 | D:14     | Identified the +11 great sword "Beastslayer" {protect,
                  | Will+}
 26290 | D:14     | Found a transporter.
 26439 | D:14     | Noticed an acid blob
 26440 | D:14     | Found a viscous altar of Jiyva.
 26616 | D:14     | Found a gate to the Vaults.
 26772 | D:14     | Found a transporter.
 26864 | D:14     | Killed Azrael
 26864 | D:14     | Offered knowledge of Freezing Cloud by Vehumet.
 27269 | D:14     | Killed an acid blob
 27360 | D:14     | Identified the ring "Deirusoe" {Fly rF+ Int+3}
 27428 | D:15     | Entered Level 15 of the Dungeon
 27428 | D:15     | Found a transporter.
 27507 | D:15     | Reached skill level 1 in Shields
 27696 | D:15     | Noticed Kirke
 27965 | D:15     | Noticed a storm dragon
 27982 | D:15     | Killed a storm dragon
 28366 | D:15     | Identified the ring "Idas" {rPois rF+ Dex+3}
 28576 | D:15     | Found a sacrificial altar of Ru.
 28677 | D:15     | Found a staircase to the Depths.
 28874 | D:15     | Found a shadowy altar of Dithmenos.
 28889 | D:15     | Killed Kirke
 29086 | D:15     | Found a transporter.
 29135 | D:15     | Reached XP level 16. HP: 134/134 MP: 28/33
 29143 | D:15     | Found a burning altar of Makhleb.
 29188 | D:15     | Reached skill level 5 in Shields
 29293 | D:15     | Offered knowledge of Ozocubu's Refrigeration by Vehumet.
 29439 | D:15     | Noticed a tengu reaver
 29530 | D:15     | Identified the ring of Engas {rPois Str+4 Int-5 Slay+2
                  | SInv}
 29811 | D:15     | Identified the ring of Qusurit {Fire Int-3 Dex+7}
 30187 | D:15     | Killed a tengu reaver
 30492 | D:8      | Killed ForkInBrain's ghost
 30708 | Orc:1    | Entered Level 1 of the Orcish Mines
 30967 | Orc:1    | Reached ****** piety under Vehumet
 31160 | Orc:2    | Entered Level 2 of the Orcish Mines
 31600 | Orc:2    | Found a staircase to the Elven Halls.
 31721 | Orc:2    | Offered knowledge of Ignition by Vehumet.
 31856 | Orc:2    | Paralysed by an ogre mage for 4 turns
 31948 | Orc:2    | Found Nudec's Jewellery Shoppe.
 32006 | Orc:2    | Found a roughly hewn altar of Beogh.
 32009 | Orc:2    | Found Iseqonk's General Store.
 32020 | Orc:2    | Bought a potion of curing for 42 gold pieces
 32029 | Orc:2    | Found Xukone's Book Shop.
 32053 | Orc:2    | Found Getzogio's Antique Weapon Shop.
 32136 | Orc:2    | Found Aqoe's Antique Armour Shop.
 32142 | Orc:2    | Bought a pair of runed gloves for 300 gold pieces
 32290 | Orc:2    | Bought a glowing cloak for 300 gold pieces
 32452 | Spider:1 | Entered Level 1 of the Spider Nest
 33761 | Spider:2 | Noticed Donald
 33865 | Spider:2 | Identified the +6 whip of Objectivity {drain, rPois rF+ rN+
                  | Will-}
 33934 | Spider:2 | Offered knowledge of Lehudib's Crystal Spear by Vehumet.
 33934 | Spider:2 | Offered knowledge of Fire Storm by Vehumet.
 33934 | Spider:2 | Offered knowledge of Chain Lightning by Vehumet.
 33949 | Spider:1 | Upgraded the game from 0.32-a0-643-ga006e7742e to
                  | 0.32-a0-656-g3542139ebd
 33987 | Spider:2 | Identified the serpent talisman of the Thoughtful Runes
                  | {rN+ Slay+3}
 33987 | Spider:2 | Noticed Aizul
 34449 | Spider:2 | Reached XP level 17. HP: 116/144 MP: 14/35
 34663 | Spider:2 | Killed Aizul
 35104 | Spider:2 | Killed Donald
 35139 | Spider:2 | Noticed Roxanne
 35242 | Spider:2 | Killed Roxanne
 35543 | Spider:3 | Reached skill level 15 in Spellcasting
 35750 | Spider:3 | Reached skill level 10 in Dodging
 35876 | Spider:3 | Reached skill level 16 in Conjurations
 36151 | Spider:3 | Noticed Asterion
 36165 | Spider:3 | Killed Asterion
 36168 | Spider:3 | Noticed Jorgrun
 36323 | Spider:3 | Killed Jorgrun
 37064 | Spider:4 | Entered Level 4 of the Spider Nest
 37276 | Spider:3 | Reached skill level 17 in Conjurations
 37881 | Spider:4 | Reached skill level 18 in Conjurations
 38346 | Spider:4 | Got a gossamer rune of Zot
 38674 | Shoals:1 | Entered Level 1 of the Shoals
 38791 | Shoals:1 | Reached XP level 18. HP: 75/154 MP: 31/37
 39089 | Shoals:1 | Found Fiurausm's Assorted Antiques.
 39356 | Shoals:1 | Identified a scroll of acquirement
 39357 | Shoals:1 | Acquired the +3 pair of mountain boots {steadfast, rC+}
 39357 | Shoals:1 | Found the +3 pair of mountain boots {steadfast, rC+}
 39817 | Shoals:2 | Found a runed translucent door.
 39820 | Shoals:2 | Noticed occam's ghost (adept CoBe)
 40252 | Shoals:2 | Reached skill level 19 in Conjurations
 42354 | Shoals:3 | Found a runed translucent gate.
 42354 | Shoals:3 | Found a runed translucent gate.
 42354 | Shoals:3 | Found a runed translucent gate.
 42355 | Shoals:3 | Noticed Duttonia's ghost (journeyman MeWn)
 42356 | Shoals:3 | Found an opulent altar of Gozag.
 42525 | Shoals:3 | Found Hyofa Jaro's Assorted Antiques.
 42638 | Shoals:4 | Entered Level 4 of the Shoals
 42705 | Shoals:3 | Found Omyxenuda's Assorted Antiques.
 42719 | Shoals:4 | Reached skill level 10 in Shields
 42816 | Shoals:4 | Found Feuzuwni's General Store.
 42995 | Shoals:4 | Reached skill level 20 in Conjurations
 43264 | Shoals:4 | Found a glacial archway.
 43275 | IceCv    | Entered an ice cave
 43849 | IceCv    | Noticed an Ice Fiend
 43858 | IceCv    | Killed an Ice Fiend
 43859 | IceCv    | Reached XP level 19. HP: 160/160 MP: 15/38
 44485 | Shoals:4 | Identified the +1 scale mail "Aratsab" {rN+ Dex+3}
 44934 | Shoals:4 | Got a barnacled rune of Zot
 44973 | Shoals:4 | Reached skill level 10 in Air Magic
 44985 | Shoals:4 | Noticed Louise
 44991 | Shoals:4 | Killed Louise
 45663 | Shoals:3 | Killed Duttonia's ghost
 45988 | Shoals:3 | Bought a scroll of teleportation for 93 gold pieces
 45992 | Shoals:3 | Bought a fine pewter amulet for 155 gold pieces
 45992 | Shoals:3 | Identified the amulet of the Wizarding Fool {Reflect
                  | Rampage rPois SH+5} (You bought it in a shop on level 3 of
                  | the Shoals)
 46060 | Shoals:2 | Killed occam's ghost
 46247 | Vaults:1 | Entered Level 1 of the Vaults
 46554 | Vaults:1 | Found Ydepp's Weapon Shop.
 46564 | Vaults:1 | Found Elonant's Antique Armour Shop.
 46614 | Vaults:1 | Identified the +4 short sword of the Onslaught {pain, rF+
                  | rC+ Will++}
 46620 | Vaults:1 | Paralysed by a formless jellyfish for 1 turns
 46979 | Vaults:1 | Found a flickering gateway to a bazaar.
 46994 | Bazaar   | Entered a bazaar
 47110 | Bazaar   | Found Umeuf's Distillery.
 47133 | Bazaar   | Found Jucoy's Antique Weapon Emporium.
 47154 | Bazaar   | Found Ofaseo's Antique Armour Boutique.
 47174 | Bazaar   | Found Iceodwue's General Store.
 47180 | Bazaar   | Bought a scroll of teleportation for 33 gold pieces
 47216 | Bazaar   | Bought a pitted scarf for 430 gold pieces
 47216 | Bazaar   | Identified the scarf of Hangman {repulsion, Harm rC+ Slay+3
                  | Stlth+} (You bought it in a shop in a bazaar)
 47216 | Bazaar   | Bought a glowing cloak for 322 gold pieces
 47246 | Bazaar   | Bought a potion of heal wounds for 80 gold pieces
 47246 | Bazaar   | Bought a potion of cancellation for 128 gold pieces
 47246 | Bazaar   | Bought a potion of heal wounds for 80 gold pieces
 47246 | Bazaar   | Bought a potion of heal wounds for 80 gold pieces
 47322 | Vaults:1 | Found Ygoent's Antique Weapon Boutique.
 47783 | Vaults:1 | Found Qadak's Weapon Shop.
 49134 | Vaults:2 | Reached XP level 20. HP: 152/168 MP: 25/39
 49345 | Vaults:2 | Reached skill level 15 in Air Magic
 51600 | Vaults:2 | Found a staircase to the Crypt.
 54455 | Vaults:4 | Found Wezab's General Store.
 54463 | Vaults:4 | Bought 3 scrolls of blinking for 427 gold pieces
 54913 | Vaults:4 | Identified the +1 buckler "Dial Pek" {Slay+2 Stlth+}
 54979 | Vaults:4 | Reached XP level 21. HP: 150/174 MP: 28/40
 55121 | Vaults:4 | Identified the +8 hand axe "Rutit" {flame, rPois rC+}
 56018 | Vaults:4 | Learned a level 9 spell: Chain Lightning
 56515 | Elf:1    | Entered Level 1 of the Elven Halls
 57260 | Elf:1    | Found Plog's Magic Scroll Emporium.
 57263 | Elf:1    | Bought a scroll of teleportation for 42 gold pieces
 57714 | Elf:1    | Identified the +0 leather armour of Elyvilon {+Blink Int+3}
 58311 | Elf:2    | Found a runed translucent gate.
 58311 | Elf:2    | Found a runed translucent gate.
 58311 | Elf:2    | Found a runed translucent gate.
 58447 | Elf:2    | Noticed Zenata
 58454 | Elf:2    | Killed Zenata
 59093 | Elf:2    | Found Cist's Weapon Boutique.
 60153 | Elf:3    | Entered Level 3 of the Elven Halls
 61826 | Elf:3    | Identified the +2 battleaxe "Mioddexo" {freeze, rPois rN+
                  | Int-4 Dex+4}
 61961 | Elf:3    | Identified the ring of Offimah {Dex+4 SInv}
 62216 | Elf:3    | Found the +27 heavy crossbow "Sniper" {heavy, Acc+∞ SInv}
 62232 | Elf:3    | Identified the +1 long sword "Miapuaz" {venom, Dex+3}
 62236 | Elf:3    | Identified the +2 shortbow of Uncertain Death {freeze, rN+
                  | Int-2 Dex+2 Stlth+}
 62238 | Elf:3    | Identified the staff of Dividends {rElec rPois Stlth- Necro
                  | Alchemy}
 62247 | Elf:3    | Identified the +1 falchion "Noaru" {vamp, Int+3}
 62263 | Elf:3    | Identified the +4 morningstar of Kindness {venom, rC-
                  | Int+7}
 62264 | Elf:3    | Identified the staff of Subjectivity {rElec Will+ Hexes
                  | Air}
 62288 | Elf:3    | Identified the dragon-blood talisman "Meabb" {rCorr Int+4}
 62540 | Elf:3    | Identified the +0 swamp dragon scales of Greater Demons
                  | {rElec rPois rF++}
 62565 | Elf:3    | Learned a level 8 spell: Lehudib's Crystal Spear
 62867 | Depths:1 | Entered Level 1 of the Depths
 62869 | Depths:1 | Reached skill level 1 in Earth Magic
 62920 | Depths:1 | Found an iron altar of Okawaru.
 62963 | Depths:1 | Identified the +2 spear "Eqi Emn" {flame, Will+}
 63025 | Depths:1 | Reached XP level 22. HP: 181/181 MP: 36/41
 63035 | Depths:1 | Reached skill level 5 in Earth Magic
 63510 | Depths:1 | Identified the +3 robe of Complete Protection {^Drain rF++
                  | rN+}
 63510 | Depths:1 | Noticed Boris
 63520 | Depths:1 | Killed Boris
 63851 | Depths:1 | Found a gateway to Hell.
 64045 | Depths:1 | Found a one-way gate leading to the halls of Pandemonium.
 64525 | Depths:2 | Found the +7 great mace "Firestarter" {flame, immolate,
                  | rFlCloud rF++}
 64715 | Depths:2 | Found Dora's Assorted Antiques.
 64723 | Depths:2 | Bought a potion of brilliance for 140 gold pieces
 64785 | Depths:2 | Noticed Grunn
 64811 | Depths:2 | Killed Grunn
 64823 | Depths:2 | Reached skill level 10 in Earth Magic
 64966 | Depths:2 | Found a transporter.
 65001 | Depths:2 | Found a transporter.
 65006 | Depths:2 | Found a transporter.
 65219 | Depths:2 | Found a one-way gateway to a ziggurat.
 65437 | Depths:2 | Found a transporter.
 65898 | Depths:3 | Noticed Mara
 65920 | Depths:3 | Noticed zewo's illusion
 65921 | Depths:3 | Killed Mara
 66437 | Depths:3 | Identified the ring "Gimoawn" {rPois rF+ Dex+3}
 66460 | Depths:3 | Gained mutation: Your spells are a little easier to cast,
                  | but a little less powerful. [a cacodemon]
 66616 | Depths:3 | Found a burning altar of Makhleb.
 66923 | Depths:4 | Entered Level 4 of the Depths
 67433 | Depths:4 | Found a radiant altar of Vehumet.
 68009 | Depths:4 | Reached XP level 23. HP: 175/191 MP: 31/42
 68117 | Depths:4 | Found a gate to the Realm of Zot.
 69195 | Slime:1  | Entered Level 1 of the Pits of Slime
 69385 | Slime:2  | Found a viscous altar of Jiyva.
 69489 | Slime:5  | Entered Level 5 of the Pits of Slime
 69843 | Slime:5  | Noticed the Royal Jelly
 69850 | Slime:5  | Killed the Royal Jelly
 69878 | Slime:5  | Found the ring of the Hare {EV+10}
 69894 | Slime:5  | Got a starry gem with 25 turns to spare
 69896 | Slime:5  | Got a slimy rune of Zot
 69900 | Slime:5  | Identified the +0 mace of Yblatuane {distort, Fly Str+4
                  | Dex+3}
 69911 | Slime:5  | Identified the staff of Imenn {rF+ Will+ Necro Fire Earth}
 69916 | Slime:5  | Identified the +1 pair of gloves of Qeguesov {rF+ rC+++
                  | Will-}
 69921 | Slime:5  | Lost the starry gem through the power of Zot.
 69928 | Slime:5  | Got the Verses on the Liminal Volley
 69945 | Slime:5  | Got Egumy's Parchment of Command
 69950 | Slime:5  | Identified the amulet of Eclugaish {Faith Str+4 Slay+3
                  | Stlth+}
 69953 | Slime:5  | Identified the ring "Buyf" {Fly Will++ Dex+3}
 69972 | Slime:5  | Identified the +2 scimitar of Ufubbyk {pain, *Rage rElec
                  | Int+4}
 69989 | Slime:5  | Identified the +1 scale mail of the Invisible Planets {rC+
                  | Regen+ Str+2}
 70879 | Vaults:5 | Entered Level 5 of the Vaults
 70905 | Vaults:5 | Identified the +3 short sword of the Usurping Pariah {vamp,
                  | Str+3 Dex+2 Stlth+}
 71381 | Vaults:5 | Reached skill level 21 in Conjurations
 71457 | Vaults:5 | Identified the ring of the Weak Pear {rPois Str+4 Dex+2}
 71679 | Vaults:5 | Noticed a dread lich
 71897 | Vaults:5 | Killed a dread lich
 71971 | Vaults:5 | Noticed a dread lich
 71976 | Vaults:5 | Killed a dread lich
 72178 | Vaults:5 | Identified the +4 quarterstaff of Gozag, Keeping {vamp,
                  | rN+}
 72370 | Vaults:5 | Identified the ring "Raud" {Ice rPois Str+4 Int+3}
 72480 | Vaults:5 | Reached skill level 15 in Fighting
 72585 | Vaults:5 | Reached XP level 24. HP: 206/206 MP: 20/43
 72816 | Vaults:5 | Identified the amulet of Saife {Reflect Harm rF+ rCorr
                  | Int+3 SH+5}
 73475 | Vaults:5 | Noticed a dread lich
 73481 | Vaults:5 | Killed a dread lich
 73820 | Vaults:5 | Identified the +4 dagger of Adverse Possession {protect,
                  | rElec rF+ rN+ Str-4}
 73820 | Vaults:5 | Identified the ring "Xogur" {EV+5 Dex+6}
 74321 | Vaults:5 | Identified the staff of the Open Hand {rPois Int+2 Dex+4
                  | Alchemy}
 74457 | Vaults:5 | Got a silver rune of Zot
 75224 | Zot:1    | Entered Level 1 of the Realm of Zot
 75521 | Zot:1    | Reached skill level 15 in Dodging
 75999 | Zot:3    | Noticed a Killer Klown
 76008 | Zot:3    | Killed a Killer Klown
 76477 | Zot:5    | Entered Level 5 of the Realm of Zot
 76669 | Zot:5    | Reached skill level 22 in Conjurations
 77134 | Zot:5    | Reached XP level 25. HP: 167/213 MP: 24/45
 77337 | Zot:5    | Noticed an orb of fire
 77338 | Zot:5    | Gained mutation: You are weak. (Str -2) [an orb of fire]
 77344 | Zot:5    | Gained mutation: You have hidden genetic defects. [an orb
                  | of fire]
 77348 | Zot:5    | Killed an orb of fire
 77349 | Zot:5    | Lost mutation: You have hidden genetic defects. [potion of
                  | mutation]
 77349 | Zot:5    | Lost mutation: You are weak. (Str -2) [potion of mutation]
 77349 | Zot:5    | Lost mutation: Your spells are a little easier to cast, but
                  | a little less powerful. [potion of mutation]
 77349 | Zot:5    | Gained mutation: Your tail ends in a venomous barb. [potion
                  | of mutation]
 77349 | Zot:5    | Gained mutation: Potions are less effective at restoring
                  | your health. [potion of mutation]
 77355 | Zot:5    | Noticed a dread lich
 77355 | Zot:5    | Noticed a Killer Klown
 77358 | Zot:5    | Noticed a dread lich
 77360 | Zot:5    | Killed a dread lich
 77369 | Zot:5    | Noticed a Killer Klown
 77370 | Zot:5    | Killed a dread lich
 77372 | Zot:5    | Noticed an orb of fire
 77402 | Zot:5    | Killed a Killer Klown
 77566 | Zot:5    | Reached skill level 23 in Conjurations
 77628 | Zot:5    | Gained mutation: You are clumsy. (Dex -2) [an orb of fire]
 77629 | Zot:5    | Gained mutation: You are weak. (Str -2) [an orb of fire]
 77631 | Zot:5    | Killed an orb of fire
 77909 | Zot:5    | Killed a Killer Klown
 78279 | Zot:5    | Noticed a Killer Klown
 78286 | Zot:5    | Killed a Killer Klown
 78421 | Zot:5    | Noticed a Killer Klown
 78427 | Zot:5    | Killed a Killer Klown
 78557 | Zot:5    | Reached skill level 24 in Conjurations
 78637 | Zot:5    | Noticed an orb of fire
 78637 | Zot:5    | Noticed a Killer Klown
 78638 | Zot:5    | Got the Orb of Zot
 78638 | Zot:5    | Gained mutation: You are very weak. (Str -4) [an orb of
                  | fire]
 79192 | D:4      | Noticed Meleaqu the pandemonium lord
 79232 | D:$      | Escaped with the Orb!

Illustrated notes

Levels and vault maps discovered:
D:1:      moated_graveyard_arrival, layout_loops_ring
D:2:      layout_basic, serial_shops, shop, nicolae_ecumenical_snake_handling,
          skrybe_limestone_x, hangedman_decor_diamond_cutter, uniq_jessica
D:3:      layout_rooms
D:4:      layout_basic, mainiacjoe_overflow_surrounded_room,
          nicolae_hepliaklqana_hazy_memory, nicolae_ossuary_entry_giza,
          serial_forest, infiniplex_forest_zigzag_2,
          infiniplex_forest_straight_4, infiniplex_forest_lined_3,
          infiniplex_forest_end_1, infiniplex_forest_straight_1,
          infiniplex_forest_straight_3, infiniplex_forest_straight_5,
          infiniplex_forest_lined_3, infiniplex_forest_clump_diagonal,
          infiniplex_forest_lined_3
D:5:      layout_loops_cross, hellmonk_sif_muna_bookshelves,
          mainiacjoe_overflow_tiny_flanked, temple_hall_moat, st_stairs_4,
          hangedman_feature_mirror
D:6:      layout_rooms, overflow_temple_1_default, kennysheep_mini_moat,
          kennysheep_generic_room_8
D:7:      layout_cave_pools, roderic_malta_cross, uniq_crazy_yiuf_cottage
D:8:      layout_basic, gammafunk_ghost_nasty_kobolds, enter_bailey_5,
          kennysheep_generic_room_7
D:9:      layout_stronghold, kennysheep_mini, minmay_misc_feat_chi,
          serial_bayou_pond_e, hangedman_incinerator
D:10:     layout_roguey, nicolae_trove_entry_crossroad
D:11:     layout_grid_maze, lair_entry_dummy, serial_shops,
          nicolae_shop_industrial_runoff, nicolae_shop_hallway_stairs,
          nicolae_lakefront_shop, nicolae_shop_hallway_stairs,
          minmay_gold_behind_fungi, nicolae_wu_jian_wuxing_cycle
D:12:     layout_irregular_city, minmay_orc_entry_temple_small
D:13:     layout_cross, serial_column_ruins, column_ruins_hut,
          column_ruins_open_tiny, column_ruins_grid_1, column_ruins_open_large,
          introduction_to_nature_1
D:14:     gammafunk_jiyva_shrine, layout_irregular_city, erik_vaults_2,
          dk_noncrumbling_4, hangedman_decor_peaks_small, minivault_28,
          uniq_azrael, uniq_frances
D:15:     hangedman_spin_cycle
Temple:   nicolae_temple_no_exploring_needed
Lair:1:   layout_regular_city, nicolae_volcano_entry_two_sided, st_stairs_10
Lair:2:   gammafunk_cloud_chamber, layout_hall_layers,
          minmay_shoals_entry_beasts, spider_nest_entry_a, grunt_megastairs_2,
          infiniplex_staircase_pool_2, uniq_gastronok
Lair:3:   layout_chaotic_city, pdpol_lair_neglected_garden, serial_bayou_pond_d,
          chequers_serial_rivers_room_b, grunt_megastairs_1,
          serial_bayou_shore_a, uniq_snorg
Lair:4:   layout_roguey, slime_entry_1, hangedman_tree_tricks,
          kennysheep_snail_temple
Lair:5:   hellmonk_lair_end_abyssal_woods, layout_cave_pods
Shoals:1: layout_shoals, serial_shops, nicolae_shop_tiny_real_fake_doors
Shoals:2: layout_shoals, ebering_ghost_reflecting_pool,
          nicolae_shoals_hidden_pirate_stash
Shoals:3: layout_shoals, ebering_ghost_gozag, nicolae_shoals_former_cling_ruins,
          nicolae_shoals_undead_eyrie
Shoals:4: shoals_end_hangedman, layout_shoals,
          portal_ice_cave_entry_ice_simulacra, serial_shops,
          nicolae_diamond_shop, nicolae_shoals_dead_sea_scrolls, uniq_louise
Spider:1: layout_spider_delve, hangedman_spider_tarantella_strand, uniq_kirke
Spider:2: layout_spider_delve, uniq_roxanne, uniq_donald, uniq_aizul
Spider:3: layout_spider_delve, uniq_asterion, uniq_jorgrun
Spider:4: hellmonk_spider_rune_bug_friends
Slime:1:  layout_caves
Slime:2:  layout_caves, basic_altar, uniq_dissolution
Slime:3:  layout_caves
Slime:4:  layout_caves, nicolae_slime_phagocytosis
Slime:5:  slime_pit_nicolae_royal_road_to_ruin
Orc:1:    layout_caves
Orc:2:    grunt_orc_cross, layout_diamond_mine, serial_shops, shop
Elf:1:    elf_arrival_001, layout_geoelf_diagonals, serial_shops, shop,
          kb_rosetta, serial_library_hellmonk_metal_room
Elf:2:    nicolae_elf_blades_splatter_lattice [nicolae_blade_little_rooms],
          layout_rooms, serial_shops, nicolae_lakefront_shop, uniq_zenata
Elf:3:    minmay_elf_hall_circle, layout_geoelf_castle
Vaults:1: nicolae_vaults_angled_halls, vaults_mumra_minichess, st_diamondy,
          v_rooms_4, nicolae_vaults_sealed_display,
          nicolae_vaults_more_shelving_2, v_misc_1, nicolae_vaults_trapezoid_1,
          nicolae_vaults_closet_pinwheel_1, v_misc_16, nicolae_vaults_diamond_2,
          layout_vaults_maze_bifur, serial_shops, freezing_bzr,
          nicolae_shop_trees, shop, nicolae_shop_bloodbath_and_beyond, shop
Vaults:2: minmay_crypt_entry_simple_statues, vaults_room_glass_cross,
          nicolae_vaults_closet_pinwheel_6, hangedman_vaults_cutoff,
          vaults_standard_mumra_lines, nicolae_vaults_offset_grid_hallway_4,
          nicolae_vaults_oval_intersection, nicolae_vaults_sightless_eye,
          grunt_vaults_swirl, nicolae_vaults_network_quinsquares
          [nicolae_vaults_network_quincunx_subvault,
          nicolae_vaults_network_quincunx_subvault,
          nicolae_vaults_network_quincunx_subvault,
          nicolae_vaults_network_quincunx_subvault], nicolae_vaults_trapezoid_1,
          nicolae_vaults_tetromino_Z_1, layout_vaults_big_cross
Vaults:3: vaults_room_stairs_pillars, nicolae_vaults_tetromino_L_1, v_rooms_4,
          v_misc_12, vaults_room_door_hall, nicolae_vaults_twisting_passages,
          nicolae_vaults_display_case, nicolae_vaults_three_branches,
          layout_vaults_chaotic_city
Vaults:4: nicolae_vaults_frosty_reception, vaults_room_fours,
          hangedman_vaults_impose, nicolae_vaults_alarming,
          layout_vaults_omnigrid, serial_shops, shop
Vaults:5
Depths:1: layout_gridlike, rand_demon_pan_entry_9, lightli_too_deep,
          nicolae_abyss_entry_one_way_or_another, okawaru_ov_weapons_minmay,
          uniq_boris
Depths:2: minmay_firetagon, layout_basic, enter_ziggurat_e,
          rand_demon_pan_entry_3, pf_hell_entry_tar_river, serial_shops, shop,
          nicolae_transporter_intersection, infiniplex_staircase_spiral_double,
          uniq_grunn
Depths:3: evilmike_makhleb_hellhole, layout_cave_pools, nicolae_eternal_life,
          abyss_entry, pf_vacation_house_of_asmodeus,
          minmay_staircase_windowed_large, uniq_mara
Depths:4: evilmike_zot_entry_round, layout_basic, hell_entry,
          fiery_altar_vehumet, abyss_entry
Zot:1:    layout_onion_interference
Zot:2:    layout_gridlike, hellmonk_ghost_big_iron
Zot:3:    layout_gridlike, amethyst_zot_foddershock, grunt_megastairs_5
Zot:4:    kennysheep_room_grid, layout_misc_corridors
Zot:5:    layout_gridlike

Skill      XL: |  1  2  3  4  5  6  7  8  9 10 11 12 13 14 15 16 17 18 19 20 21 22 23 24 25 |
---------------+----------------------------------------------------------------------------+-----
Stealth        | 2 3 |  3.0
Dodging        | 2 3 6 8 9 10 12 15 | 15.0
Spellcasting   | 3 4 5 6 8 9 10 11 13 14 15 16 18 | 18.0
Summonings     | 5 6 7 8 9 10 11 13 | 13.0
Fire Magic     | 0 2 4 5 |  5.0
Air Magic      | 2 5 7 14 19 22 | 22.2
Evocations     | 2 4 5 6 |  6.0
Fighting       | 2 7 9 10 11 12 15 | 15.0
Conjurations   | 5 12 15 18 20 21 22 24 | 24.2
Alchemy        | 1 4 |  4.0
Shields        | 4 6 10 | 10.0
Earth Magic    | 3 10 | 10.8

Action                     |  1- 3 |  4- 6 |  7- 9 | 10-12 | 13-15 | 16-18 | 19-21 | 22-24 | 25-27 || total
---------------------------+-------+-------+-------+-------+-------+-------+-------+-------+-------++-------
  Melee: Whip              |    23 |    82 |       |       |       |       |       |       |       ||   105
         Tailslap          |     2 |    10 |    21 |     7 |    16 |    23 |    30 |    21 |     1 ||   131
         Unarmed           |     1 |       |       |       |       |       |       |       |       ||     1
         Hand axe          |       |       |   111 |    46 |       |       |       |       |       ||   157
         Demon blade       |       |       |       |    28 |    93 |       |       |       |       ||   121
         Staff             |       |       |       |       |    17 |   102 |    64 |     4 |       ||   187
         Great sword       |       |       |       |       |     1 |       |       |       |       ||     1
         Short sword       |       |       |       |       |       |       |    76 |    70 |     2 ||   148
  Throw: Boomerang         |       |       |    56 |    13 |       |       |       |       |       ||    69
   Cast: Summon Small Mamm |    30 |    33 |    38 |    18 |     3 |       |       |       |       ||   122
         Call Canine Famil |     2 |    34 |    32 |    29 |    13 |       |       |       |       ||   110
         Summon Blazeheart |       |       |    27 |    69 |    80 |     2 |       |       |       ||   178
         Summon Lightning  |       |       |       |    67 |    70 |    71 |    18 |       |       ||   226
         Orb of Destructio |       |       |       |       |   143 |   314 |   381 |   117 |     3 ||   958
         Spellforged Servi |       |       |       |       |    60 |   181 |   170 |   111 |    20 ||   542
         Irradiate         |       |       |       |       |    14 |    54 |    61 |     8 |       ||   137
         Chain Lightning   |       |       |       |       |       |       |    25 |   153 |    13 ||   191
         Lehudib's Crystal |       |       |       |       |       |       |       |   249 |    61 ||   310
Ability: Glacial Breath    |       |       |     2 |       |     5 |     6 |     2 |     8 |     4 ||    27
  Evoke: Wand              |       |       |       |     4 |     2 |     1 |     4 |    14 |     6 ||    31
         Sack of spiders   |       |       |       |       |     1 |       |       |       |       ||     1
         Phantom mirror    |       |       |       |       |     1 |       |       |       |       ||     1
    Use: Scroll            |     2 |     1 |    16 |     6 |     5 |    10 |     8 |     7 |     2 ||    57
         Potion            |       |       |     1 |       |     8 |     5 |     6 |     5 |     7 ||    32
   Stab: Sleeping          |     1 |     3 |     1 |       |       |       |       |       |       ||     5
         Distracted        |     1 |       |       |     3 |     1 |     8 |     5 |     1 |       ||    19
 Armour: Skin              |    24 |    45 |   174 |   197 |   472 |   367 |   481 |   328 |    35 ||  2123
  Dodge: Dodged            |    31 |    42 |   161 |   144 |   352 |   287 |   264 |   229 |    22 ||  1532
  Block: Buckler           |       |       |       |       |     4 |    93 |    49 |   107 |     4 ||   257
         Kite shield       |       |       |       |       |       |   121 |   222 |       |       ||   343
         Reflection        |       |       |       |       |       |    27 |    38 |       |       ||    65

Table legend: (Time is in decaauts)
 A = Elapsed time spent in this place.
 B = Non-inter-level travel time spent in this place.
 C = Inter-level travel time spent in this place.
 D = Time resting spent in this place.
 E = Time spent auto-exploring this place.
 F = Levels seen in this place.
 G = Mean time per level.
                   A        B        C        D        E       F      G
               +--------+--------+--------+--------+--------+-----+--------+
         Total |  79781 |  72861 |   6920 |  28415 |  26251 |  58 | 1375.5 |
       Dungeon |  20395 |  18106 |   2289 |   6811 |   7428 |  15 | 1359.7 |
        Temple |     18 |      2 |     16 |      0 |      0 |   1 |   18.0 |
          Lair |   9531 |   8819 |    712 |   3291 |   3382 |   5 | 1906.2 |
        Shoals |   6880 |   6577 |    303 |   2413 |   2715 |   4 | 1720.0 |
   Spider Nest |   6225 |   5636 |    589 |   2056 |   2033 |   4 | 1556.2 |
    Slime Pits |   1309 |   1097 |    212 |    166 |    541 |   5 |  261.8 |
  Orcish Mines |   1844 |   1545 |    299 |    255 |    823 |   2 |  922.0 |
   Elven Halls |   6507 |   5742 |    765 |   2401 |   1698 |   3 | 2169.0 |
        Vaults |  13751 |  12656 |   1095 |   5145 |   4069 |   5 | 2750.2 |
        Depths |   6543 |   6039 |    504 |   2562 |   2548 |   4 | 1635.8 |
           Zot |   3124 |   2991 |    133 |   1691 |    413 |   5 |  624.8 |
        Bazaar |    264 |    264 |      0 |    115 |     81 |   1 |  264.0 |
       Ossuary |   1061 |   1061 |      0 |    753 |    103 |   1 | 1061.0 |
        Bailey |    810 |    810 |      0 |    287 |    186 |   1 |  810.0 |
      Ice Cave |    736 |    736 |      0 |    232 |    117 |   1 |  736.0 |
       Volcano |    775 |    775 |      0 |    236 |    113 |   1 |  775.0 |
               +--------+--------+--------+--------+--------+-----+--------+

Top non-repeatable levels by time:
Vaults:5: 4030 daAuts
Vaults:3: 2913 daAuts
Vaults:2: 2846 daAuts
  Lair:5: 2694 daAuts
    D:14: 2631 daAuts
   Elf:3: 2510 daAuts
    D:15: 2453 daAuts
Vaults:1: 2269 daAuts
Depths:4: 2207 daAuts
   Elf:2: 2129 daAuts
   Zot:5: 2042 daAuts
Shoals:4: 1994 daAuts
Shoals:2: 1992 daAuts
  Lair:2: 1989 daAuts
  Lair:1: 1981 daAuts
